 Dungeon Crawl Stone Soup version 0.21-a0-2-ge494091 (webtiles) character file.

2984 Chiseanne the Carver (level 9, 0/123 HPs)
             Began as a Minotaur Monk on May 22, 2017.
             Was a Priest of Wu Jian.
             Slain by a killer bee (6 damage)
             ... on level 7 of the Dungeon.
             The game lasted 00:14:09 (7972 turns).

Chiseanne the Carver (Minotaur Monk)                Turns: 7972, Time: 00:14:09

Health: 0/123      AC: 24    Str: 16    XL:     9   Next: 53%
Magic:  8/8        EV:  2    Int:  7    God:    Wu Jian [***...]
Gold:   371        SH:  0    Dex: 16    Spells: 8/8 levels left

rFire    . . .     SeeInvis .   a - +0 falchion
rCold    . . .     Gourm    +   (no shield)
rNeg     + + +     Faith    .   (armour currently unavailable)
rPois    +         Spirit   .   (helmet currently unavailable)
rElec    .         Reflect  .   (cloak currently unavailable)
rCorr    .         Harm     .   (gloves currently unavailable)
MR       .....     NoTele   +   (boots currently unavailable)
Stlth    ++........             q - amulet of the gourmand
Regen    0.3/turn               (no ring)
MPRegen  0.2/turn               (no ring)

@: lethally poisoned (0 -> -2), tree-form
A: (retaliatory headbutt)
a: Renounce Religion


You were on level 7 of the Dungeon.
You worshipped Wu Jian.
Wu Jian was most pleased with you.
You were very full.
You were a tree.
You visited 2 branches of the dungeon, and saw 8 of its levels.

You collected 371 gold pieces.

Inventory:

Hand Weapons
 a - a +0 falchion (weapon)
 y - a cursed -2 hunting sling
 H - a +0 whip of electrocution
Missiles
 b - 130 stones (quivered)
 d - 113 arrows
 h - 88 sling bullets
 m - 2 throwing nets
 o - 65 bolts
 p - 22 poisoned needles
 F - 7 javelins
 I - 3 tomahawks
Armour
 r - a +1 ring mail (melded)
 D - a +0 cloak (melded)
 L - a +0 pair of gloves (melded)
Magical Staves
 B - an uncursed staff of energy {unknown}
Jewellery
 i - an uncursed ring of ice
 q - an amulet of the gourmand (around neck)
Wands
 e - a wand of paralysis (14/24)
 g - a wand of digging (0/24)
Scrolls
 l - 2 scrolls of teleportation
 x - a scroll of immolation
 z - 2 scrolls of fog
 E - a scroll of recharging
 J - 2 scrolls of remove curse
Potions
 j - a potion of resistance
 k - a potion of lignification
 s - 2 potions of agility
 t - a potion of brilliance {unknown}
 u - a potion of might {unknown}
 v - 2 potions of magic {unknown}
 w - a potion of berserk rage {unknown}
 C - 2 potions of flight {unknown}
 G - 2 potions of curing
Comestibles
 c - 5 bread rations
 f - a meat ration
 n - 4 royal jellies
 A - 7 fruits


   Skills:
 * Level 8.7 Fighting
 * Level 8.8 Long Blades
 * Level 7.9 Armour
 * Level 8.0 Dodging
 - Level 1.5 Stealth


You had 8 spell levels left.
You didn't know any spells.

Dungeon Overview and Level Annotations

Branches:
Dungeon (7/15)             Temple (1/1) D:5

Altars:
Fedhas
Gozag
Hepliaklqana
Okawaru
Qazlal
Ru
Trog
Uskayaw
Wu Jian
Zin


Innate Abilities, Weirdness & Mutations

((You reflexively headbutt those who attack you in melee.))
((You have a pair of horns on your head.))


Message History

* * * LOW HITPOINT WARNING * * *
You hit the killer bee.
The killer bee is moderately wounded.
The killer bee stings you but does no damage.
The killer bee stings you.
* * * LOW HITPOINT WARNING * * *
You are poisoned.
The killer bee poisons you! The killer bee stings you.
* * * LOW HITPOINT WARNING * * *
The killer bee stings you but does no damage.
You barely miss the killer bee.
The killer bee is moderately wounded.
You feel sick.
The killer bee stings you but does no damage. x2
You slash the killer bee!
The killer bee is severely wounded.
You feel sick.
The killer bee stings you but does no damage.
The killer bee stings you.
You die...

.......# #.......##.......
.......# ####....#####..##
.......# #.........##.## .......#
#######.....###.##..#
#############............##.###.#
# #.......(####......##.# #.. #
#.......y####......##.# ##. ####
#.......yyy##......##.# #. ...#
#........#♣##......##.## ##
...####........#.##..........# #
...............#.##..........####
<..............#.##..............
.......).[.....#.##..............
...............#.#########.......
...............#.#......##.......
.......#########.#.####.##.......
....... #.#.............


You could see 4 killer bees.

Vanquished Creatures
  Grinder (D:4)
  A hippogriff (D:7)
  Menkaure (D:4)
  Duvessa (D:4)
  An orc warrior (D:6)
  2 sky beasts (D:6)
  2 phantoms
  A black bear (D:6)
  An ogre (D:4)
  2 centaurs
  3 bullfrogs
  A gnoll sergeant (D:5)
  Dowan (D:4)
  A water moccasin zombie (D:5)
  A water moccasin skeleton (D:7)
  6 killer bees
  4 crimson imps
  4 hounds
  2 jellies
  An orc priest (D:4)
  3 orc wizards
  Natasha (thrice) (D:4)
  2 iguanas (D:7)
  5 worker ants
  Robin (D:4)
  5 adders
  4 gnolls
  A shadow imp (D:6)
  3 oozes
  An adder zombie (D:6)
  3 worms
  4 dart slugs
  A leopard gecko (D:4)
  22 orcs
  2 ball pythons
  6 giant cockroaches
  18 goblins
  12 hobgoblins
  2 jackals (D:2)
  2 quokkas
  6 bats
  4 frilled lizards
  7 kobolds
  2 leopard gecko skeletons
  7 rats
163 creatures vanquished.

Notes
Turn   | Place    | Note
-------+----------+-------------------------------------------
     0 | D:1      | Chiseanne the Minotaur Monk began the quest for the Orb.
     0 | D:1      | Reached XP level 1. HP: 19/19 MP: 0/0
    71 | D:1      | Reached skill level 1 in Armour
   302 | D:1      | HP: 1/20 [gnoll/spear (1)]
   304 | D:1      | Reached XP level 2. HP: 1/27 MP: 1/1
  1101 | D:1      | Reached XP level 3. HP: 33/33 MP: 2/2
  1414 | D:2      | Found a sacrificial altar of Ru.
  1540 | D:2      | Reached XP level 4. HP: 40/40 MP: 3/3
  2840 | D:4      | Reached XP level 5. HP: 47/47 MP: 4/4
  2883 | D:4      | Noticed Natasha
  2893 | D:4      | Killed Natasha
  2935 | D:4      | Noticed Dowan
  2937 | D:4      | Noticed Duvessa
  2940 | D:4      | Noticed a phantom
  2956 | D:4      | Killed Duvessa
  2956 | D:4      | Reached skill level 5 in Fighting
  2956 | D:4      | Reached skill level 5 in Long Blades
  2956 | D:4      | Reached XP level 6. HP: 31/56 MP: 5/5
  2974 | D:4      | Killed Dowan
  3034 | D:4      | Noticed Natasha
  3068 | D:4      | Killed Natasha
  3184 | D:4      | Noticed Natasha
  3191 | D:4      | Killed Natasha
  3191 | D:4      | Reached skill level 5 in Dodging
  3331 | D:4      | Noticed Robin
  3356 | D:4      | Killed Robin
  3590 | D:4      | Reached XP level 7. HP: 51/61 MP: 6/6
  3642 | D:4      | Noticed Menkaure
  3649 | D:4      | Killed Menkaure
  3778 | D:4      | Reached skill level 5 in Armour
  3894 | D:4      | Noticed Grinder
  3911 | D:4      | Paralysed by Grinder for 7 turns
  3922 | D:4      | Killed Grinder
  4341 | D:4      | Reached XP level 8. HP: 50/71 MP: 7/7
  4479 | D:5      | Entered Level 5 of the Dungeon
  4529 | D:5      | Found an opulent altar of Gozag.
  4580 | D:5      | Found a staircase to the Ecumenical Temple.
  4614 | Temple   | Entered the Ecumenical Temple
  4633 | Temple   | Became a worshipper of the Wu Jian Council
  4633 | Temple   | Reached * piety under Wu Jian
  4633 | Temple   | Reached ** piety under Wu Jian
  5797 | D:6      | Found a stormy altar of Qazlal.
  6219 | D:7      | Noticed a hippogriff
  6231 | D:7      | Reached XP level 9. HP: 79/81 MP: 8/8
  6730 | D:6      | HP: 4/82 [poisoned by a killer bee]
  6735 | D:6      | HP: 4/82 [poisoned by a killer bee]
  6742 | D:6      | HP: 3/82 [poisoned by a killer bee]
  6750 | D:6      | HP: 3/82 [poisoned by a killer bee]
  7167 | D:6      | Reached *** piety under Wu Jian
  7971 | D:7      | HP: 6/123 [poisoned by a killer bee]
  7972 | D:7      | Slain by a killer bee

Vault maps used:
D:1:      enne_arrival_octagon_isle
D:2:      nicolae_ru_sacrificial_ziggurat, st_stairs_12
D:4:      first_bread, minivault_11, item_on_display_a, uniq_duvessa,
          uniq_robin, uniq_natasha, uniq_grinder, uniq_menkaure
D:5:      temple_doors_e, nicolae_gozag_cash_rules_everything_around_me
D:6:      nicolae_qazlal_general_emergency
Temple:   regret_index_temple_sigil_plot

Skill      XL: |  1  2  3  4  5  6  7  8  9 |
---------------+----------------------------+-----
Armour         | 1 2 3 4 5 6 7 |  7.9
Fighting       | 4 5 6 7 8 |  8.7
Long Blades    | 4 5 6 7 8 |  8.8
Dodging        | 4 5 6 7 8 |  8.0
Stealth        | |  1.5

Action                   |  1- 3 |  4- 6 |  7- 9 || total
-------------------------+-------+-------+-------++-------
Melee: Falchion          |    61 |   161 |   334 ||   556
       Headbutt          |    14 |    28 |    81 ||   123
  Use: Scroll            |     2 |     3 |    10 ||    15
       Potion            |       |     2 |     2 ||     4
 Stab: Sleeping          |     3 |     2 |     2 ||     7
  Eat: Chunk             |     2 |    18 |    13 ||    33
Armor: Robe              |     1 |       |       ||     1
       Leather armour    |    12 |     5 |       ||    17
       Ring mail         |       |    49 |    97 ||   146
       Skin              |       |       |    19 ||    19
Dodge: Dodged            |    58 |   110 |   232 ||   400
       Rpst.: Falchion   |    21 |    24 |    65 ||   110
